 Dungeon Sprint DCSS version 0.20-a0-1043-gbd57889 (webtiles) character file.

133 Krakonus1 the Markscentaur (level 8, -1/86 HPs)
             Began as a Centaur Hunter on Apr 25, 2017.
             Was a Priest of Okawaru.
             Succumbed to a swamp dragon's poison gas
             ... in the Dungeon (Sprint VI: "Thunderdome").
             The game lasted 00:13:33 (1011 turns).

Krakonus1 the Markscentaur (Centaur Hunter)         Turns: 1011, Time: 00:13:34

Health: -1/86      AC:  4    Str: 19    XL:     8   Next: 74%
Magic:  8/8        EV: 12    Int: 17    God:    Okawaru [***...]
Gold:   0          SH:  0    Dex: 16    Spells: 7/7 levels left

rFire    . . .     SeeInvis .   a - +1 shortbow
rCold    + . .     Gourm    .   (shield currently unavailable)
rNeg     . . .     Faith    .   c - +0 leather armour
rPois    +         Spirit   .   (no helmet)
rElec    +         Reflect  .   (no cloak)
rCorr    +         Harm     .   (no gloves)
MR       .....     NoTele   +   (no barding)
Stlth    +.........             (no amulet)
Regen    0.3/turn               p - ring "Wubercho" {rF- EV+3 Str+4 Int+7}
MPRegen  0.2/turn               q - ring of Dybuod {Wiz Dex+4}

@: lethally poisoned (-1 -> -79), resistant, very slightly contaminated, very
quick
A: hooves 3, deformed body, speed 2, tough skin 3
a: Heroism, Renounce Religion


You were in the Dungeon.
You worshipped Okawaru.
Okawaru was most pleased with you.
You were not hungry.

You visited 1 branch You collected 390 gold pieces.
You spent 390 gold pieces at shops.

Inventory:

Hand Weapons
 a - a +1 shortbow (weapon)
 b - a +0 short sword
Missiles
 d - 31 arrows (quivered)
Armour
 c - a +0 leather armour (worn)
Jewellery
 p - the ring "Wubercho" (left hand) {rF- EV+3 Str+4 Int+7}
   (You bought it in a shop in the Dungeon)

   [ring of evasion]

   It affects your evasion (+3).
   It affects your strength (+4).
   It affects your intelligence (+7).
   It makes you vulnerable to fire.
 q - the ring of Dybuod (right hand) {Wiz Dex+4}
   (You bought it in a shop in the Dungeon)

   [ring of wizardry]

   It improves your spell success rate.
   It affects your dexterity (+4).
Wands
 m - a wand of acid (5/15)
 n - a wand of iceblast (5/15)
Scrolls
 o - 3 scrolls of fog
Potions
 h - 3 potions of haste
 i - 2 potions of magic
 j - a potion of berserk rage
Comestibles
 f - a bread ration


   Skills:
 * Level 13.6 Fighting
 * Level 17.4 Bows
 - Level 1.3 Dodging
 - Level 0.4 Stealth


You had 7 spell levels left.
You didn't know any spells.

Dungeon Overview and Level Annotations

Branches:
Dungeon (1/1)

Altars:
Cheibriados
Dithmenos
Fedhas
Gozag
Kikubaaqudgha
Makhleb
Okawaru
Qazlal
Ru
Sif Muna
Trog
Uskayaw
Vehumet
Wu Jian
Xom
Yredelemnul
Zin
The Shining One
Beogh
Jiyva
Lugonu

Shops:
D *[%??*?*:[((!!!!


Innate Abilities, Weirdness & Mutations

You have hooves in place of feet.
Armour fits poorly on your strangely shaped body.
You cover ground very quickly.
You have extremely tough skin. (AC +3)


Message History

Press: ? - help, Shift-Dir - straight line, f - swamp dragon
Aim: a swamp dragon (almost dead)
You shoot an arrow.
The arrow hits the swamp dragon but does no damage.
The swamp dragon is almost dead.
* * * LOW HITPOINT WARNING * * *
You feel very sick.
Firing (i - inventory):
d - 32 arrows (quivered)
Press: ? - help, Shift-Dir - straight line, f/p - swamp dragon
Aim: a swamp dragon (almost dead)
You shoot an arrow. The arrow hits the swamp dragon.
You kill the swamp dragon!
Okawaru is honoured by your kill.
Your Fighting skill increases to level 13!
Your Bows skill increases to level 17!
* * * LOW HITPOINT WARNING * * *
You feel very sick.
Press: ? - help, v - describe, . - travel Supraob's Distillery.
You die...

#∩.....§.∩# #........_#
#_.....(._# #_..D..D._#
###..(......###
#⌠..(.)......⌠#
#.8.........8.######
...)..###......___∩##
.(.(8.# #.8.....@..∩###
§...§.###.............##
[§§###...###..........⌠#
§..# #.<.# #..........⌠#
.§§###...###..........⌠#
[§§§..###.............##
.(..8.# #.8..).....∩###
.((...###.......__∩##
#.8.....)...8.######


You could see a seven-headed hydra.

Vanquished Creatures
  A swamp dragon (D)
  A hornet (D)
  A spriggan (D)
  A necrophage (D)
  5 ogres (D)
  2 wights (D)
  7 vampire bats (D)
  Jessica (D)
  2 adder skeletons (D)
  A dart slug (D)
  A bat (D)
  A goblin (D)
  A giant cockroach zombie (D)
25 creatures vanquished.

Notes
Turn   | Place    | Note
-------+----------+-------------------------------------------
     0 | D        | Krakonus1 the Centaur Hunter began the quest for the Orb.
     0 | D        | Reached XP level 1. HP: 17/17 MP: 1/1
     1 | D        | Found an ornate altar of the Wu Jian Council.
     1 | D        | Found a viscous altar of Jiyva.
     2 | D        | Found a glowing golden altar of the Shining One.
     2 | D        | Found a snail-covered altar of Cheibriados.
     3 | D        | Found a glowing silver altar of Zin.
     3 | D        | Found a burning altar of Makhleb.
     4 | D        | Found Supraob's Distillery.
     4 | D        | Found an ancient bone altar of Kikubaaqudgha.
     4 | D        | Found Axkujoy's Do-It-Yourself Clinic.
     5 | D        | Found Vader's Distillery.
     5 | D        | Found Qasen's Bottled Wisdom.
     8 | D        | Round 1.
    10 | D        | Found a roughly hewn altar of Beogh.
    11 | D        | Found Tuxez's Staff Store.
    12 | D        | Found Coiqoqar's Must-Have Magic.
    12 | D        | Found Dozathryi's Magic Scroll Shop.
    13 | D        | Found a shadowy altar of Dithmenos.
    13 | D        | Found a deep blue altar of Sif Muna.
    13 | D        | Found Xobb's Magic Scroll Shop.
    17 | D        | Found a corrupted altar of Lugonu.
    18 | D        | Found a radiant altar of Vehumet.
    20 | D        | Found Bofreala's Bee Food.
    20 | D        | Found an iron altar of Okawaru.
    20 | D        | Found a shimmering altar of Xom.
    20 | D        | Found a stormy altar of Qazlal.
    20 | D        | Found Uwo Qai's Identification Station.
    21 | D        | Found Esebaehu's Jewellery.
    21 | D        | Found Weahomua's Advanced Armour.
    24 | D        | Found a blossoming altar of Fedhas.
    25 | D        | Found a basalt altar of Yredelemnul.
    28 | D        | Became a worshipper of Warmaster Okawaru
    44 | D        | Reached skill level 6 in Bows
    45 | D        | Noticed Jessica
    53 | D        | Killed Jessica
    53 | D        | Reached skill level 7 in Bows
    53 | D        | Reached XP level 2. HP: 28/28 MP: 2/2
    53 | D        | Reached XP level 3. HP: 34/34 MP: 3/3
    63 | D        | Found a sacrificial altar of Ru.
    63 | D        | Found a bloodstained altar of Trog.
    65 | D        | Noticed an ogre
    65 | D        | Found a hide-covered altar of Uskayaw.
    65 | D        | Found an opulent altar of Gozag.
    65 | D        | Found Dihapt's Premium Goods.
    65 | D        | Found Amniave's Weapon Rack.
    66 | D        | Found Jogeyhul's Miscellaneous Merchandise.
    66 | D        | Found Syppakh's Basic Armour.
   129 | D        | Killed an ogre
   129 | D        | Reached * piety under Okawaru
   129 | D        | Arena points: 12 (+12) [x2]
   129 | D        | Reached skill level 10 in Bows
   129 | D        | Reached XP level 4. HP: 43/45 MP: 4/4
   157 | D        | Round 2.
   246 | D        | Reached XP level 5. HP: 53/53 MP: 5/5
   249 | D        | Noticed a necrophage
   287 | D        | Killed a necrophage
   287 | D        | Reached skill level 12 in Bows
   328 | D        | Arena points: 54 (+42) [x3]
   328 | D        | Reached XP level 6. HP: 63/63 MP: 6/6
   399 | D        | Round 3.
   412 | D        | Reached skill level 10 in Fighting
   412 | D        | Reached skill level 13 in Bows
   461 | D        | Reached ** piety under Okawaru
   504 | D        | Reached skill level 14 in Bows
   504 | D        | Reached XP level 7. HP: 38/73 MP: 7/7
   623 | D        | Arena points: 69 (+15) [x1]
   643 | D        | Round 4.
   659 | D        | Bought 50 arrows for 300 gold pieces
   679 | D        | Reached skill level 15 in Bows
   832 | D        | Arena points: 133 (+64) [x2]
   871 | D        | Bought a scintillating bone ring for 45 gold pieces
   871 | D        | Bought a smoking tin ring for 45 gold pieces
   871 | D        | Identified the ring "Wubercho" {rF- EV+3 Str+4 Int+7} (You bought it in a shop in the Dungeon)
   872 | D        | Identified the ring of Dybuod {Wiz Dex+4} (You bought it in a shop in the Dungeon)
   888 | D        | Round 5.
   904 | D        | Noticed a witch
   924 | D        | Noticed a spriggan rider
   929 | D        | Killed a spriggan
   929 | D        | Reached *** piety under Okawaru
   929 | D        | Reached skill level 16 in Bows
   929 | D        | Reached XP level 8. HP: 77/85 MP: 8/8
   935 | D        | Noticed a six-headed hydra
   936 | D        | Noticed a four-headed hydra
   941 | D        | Killed a hornet
   982 | D        | Noticed a swamp dragon
  1007 | D        | Noticed a seven-headed hydra
  1009 | D        | HP: 6/85 [poisoned by a swamp dragon (poison gas)]
  1010 | D        | Killed a swamp dragon
  1010 | D        | Reached skill level 17 in Bows
  1010 | D        | HP: 2/86 [poisoned by a swamp dragon (poison gas)]
  1011 | D        | Succumbed to a swamp dragon's poison gas

Vault maps used:
D:        arena_sprint

Skill      XL: |  1  2  3  4  5  6  7  8 |
---------------+-------------------------+-----
Fighting       | 4 6 7 9 10 12 13 | 13.6
Bows           | 7 10 12 14 16 17 | 17.4
Dodging        | |  1.3
Stealth        | |  0.4

Action                   |  1- 3 |  4- 6 |  7- 9 || total
-------------------------+-------+-------+-------++-------
 Fire: Shortbow          |    30 |    47 |    71 ||   148
  Use: Potion            |     2 |       |     5 ||     7
       Scroll            |       |       |     4 ||     4
Armor: Leather armour    |    10 |     1 |     9 ||    20
Dodge: Dodged            |     3 |     2 |    13 ||    18
